 Dungeon Crawl Stone Soup version 0.30-a0-728-gc68057be0a (webtiles) character file.

Game seed: 2764081950645603827

71 iguanaiguana the Trooper (level 4, -1/39 HPs)
             Began as a Mummy Delver on Jan 31, 2023.
             Slain by a goblin
             ... wielding a +0 dagger
             ... led by Robin
              (2 damage)
             ... on level 3 of the Dungeon.
             The game lasted 00:06:08 (968 turns).

iguanaiguana the Trooper (Mummy Delver)              Turns: 968, Time: 00:06:08

Health: -1/39      AC:  3    Str: 15    XL:     4   Next: 5%
Magic:  4/4        EV: 12    Int: 11    God:
Gold:   70         SH:  0    Dex: 19    Spells: 3/3 levels left

rFire   . . .      SeeInvis .    m - +0 dagger (vamp)
rCold   + . .      Faith    +    (no shield)
rNeg    + + +      Spirit   .    b - +0 leather armour
rPois   ∞          Reflect  .    (no helmet)
rElec   .          Harm     .    (no cloak)
rCorr   .          Rampage  .    (no gloves)
Will    .....                    (no boots)
Stlth   +++                      (no amulet)
HPRegen 0.26/turn                g - ring of protection from fire
MPRegen 0.09/turn                e - +6 ring of dexterity

@: no status effects
A: cold resistance 1, negative energy resistance 3, torment resistance 2, heat
vulnerability 1, in touch with death 1, no potions, faith
a: no special abilities


You were on level 3 of the Dungeon.
You visited 1 branch of the dungeon, and saw 6 of its levels.

You collected 70 gold pieces.

Inventory:

Hand Weapons
 a - a +0 short sword
 m - a +0 vampiric dagger (weapon)
Armour
 b - a +0 leather armour (worn)
Jewellery
 e - a +6 ring of dexterity (right hand)
 g - a ring of protection from fire (left hand)
Wands
 f - a wand of digging (3) {@v3}
Scrolls
 c - a scroll of fog
 d - a scroll of magic mapping {@r5}
 h - a scroll of teleportation {unknown}
 i - 3 scrolls of blinking {unknown}
 j - a scroll of identify {unknown}
 k - a scroll of poison {unknown}
 l - a scroll of torment {unknown}


   Skills:
 + Level 5.0 Fighting
 - Level 1.5 Short Blades
 - Level 1.5 Dodging
 - Level 4.1 Stealth


You had 3 spell levels left.
You didn't know any spells.
Your spell library contained the following spells:

 Spells                   Type           Power      Damage    Failure   Level
 Ozocubu's Armour         Ice            0%         N/A       78%         3
 Metabolic Englaciation   Hex/Ice        0%         N/A       100%        5
 Simulacrum               Ice/Necr       0%         N/A       100%        6


Dungeon Overview and Level Annotations

Branches:
Dungeon (6/15) Zot: 26460
 Temple: D:4-7

Altars:
Xom

Annotations:
D:3 Robin
D:5 Grinder
D:6 exclusion: orc priest


Innate Abilities, Weirdness & Mutations

You are immune to poison.
Your flesh is cold resistant. (rC+)
You are immune to negative energy. (rN+++)
You are immune to unholy pain and torment.
You are vulnerable to heat. (rF-)
You are in touch with the powers of death.
You do not drink.
You have a special connection with the divine. (Faith)


Message History

The goblin hits you with a +0 dagger.
Your Fighting skill increases to level 5!
You barely miss Robin. You barely miss Robin. Robin throws the goblin at you!
You hit Robin but do no damage. Robin throws the goblin at you!
The goblin hits you with a +0 club.
You barely miss Robin. Robin hits you with a +0 whip.
You hit Robin.
You feel better.
Robin is lightly wounded.
You hit Robin but do no damage.
Robin is lightly wounded.
Robin hits you with a +0 whip.
* * * LOW HITPOINT WARNING * * *
You closely miss Robin.
Robin is lightly wounded.
Robin hits you with a +0 whip.
* * * LOW HITPOINT WARNING * * *
You hit Robin.
You feel better.
Robin is lightly wounded.
The goblin hits you with a +0 club.
* * * LOW HITPOINT WARNING * * *
The goblin hits you with a +0 dagger.
* * * LOW HITPOINT WARNING * * *
Okay, then.
Okay, then.
Robin attacks as you move away!
Robin roars a battlecry!
You hear a shout!
The goblin hits you with a +0 club.
* * * LOW HITPOINT WARNING * * *
The goblin attacks as you move away!
The goblin no longer looks unusually strong.
Robin throws the goblin at you!
A goblin comes into view. It is wielding a +0 club.
The goblin hits you with a +0 dagger.
* * * LOW HITPOINT WARNING * * *
The goblin attacks as you move away!
The goblin no longer looks unusually strong.
Robin throws the goblin at you! The goblin hits you with a +0 dagger.
You die...

.........# #.#
###......# #.# ##.....#
#.# #.#....## #.#
#.....#####.#
.....##.....#.# #...#
##....#.# ##..
#....#.##########
#...###.......g@.......
#.............g########
#.###........gg#
#######....# #####
#..g.# #...# ##)###
#...# #..## #...#
##)g## #...#
...###..#####...####g.g


You could see Robin and 4 goblins.

Vanquished Creatures
  3 adders
  3 dart slugs
  A bat (D:1)
  2 endoplasms
  4 giant cockroaches
  7 goblins
  4 hobgoblins
  A quokka (D:1)
  2 ball pythons (D:1)
  2 frilled lizards (D:1)
  4 kobolds
  5 rats
38 creatures vanquished.

Vanquished Creatures (others)
  2 fungi (D:6)
  A plant (D:4)
3 creatures vanquished.

Grand Total: 41 creatures vanquished

Notes
Turn   | Place    | Note
-------+----------+-------------------------------------------
     0 | D:5      | iguanaiguana the Mummy Delver began the quest for the Orb.
     0 | D:5      | Reached XP level 1. HP: 18/18 MP: 1/1
     1 | D:6      | Noticed an orc priest
     5 | D:6      | Noticed an orc wizard
    27 | D:6      | Noticed a hound
    27 | D:6      | Noticed a necrophage
    34 | D:5      | Noticed Grinder
    34 | D:5      | Noticed an orc wizard
    35 | D:5      | Noticed a bullfrog
    64 | D:4      | Found a shimmering altar of Xom.
    72 | D:5      | Noticed a black bear
    79 | D:5      | Noticed an iguana
    81 | D:5      | Noticed an ogre
   179 | D:3      | Reached XP level 2. HP: 14/25 MP: 2/2
   230 | D:2      | Found a faded altar of an unknown god.
   414 | D:2      | Reached skill level 4 in Fighting
   468 | D:1      | Gained mutation: You are in touch with the powers of death.
                  | [Mummy growth]
   468 | D:1      | Reached XP level 3. HP: 27/30 MP: 3/3
   926 | D:3      | Noticed Robin
   943 | D:3      | Reached XP level 4. HP: 38/38 MP: 4/4
   957 | D:3      | Reached skill level 5 in Fighting
   967 | D:3      | HP: 1/39 [goblin/+0 dagger[Robin] (4)]
   968 | D:3      | Slain by a goblin

Illustrated notes

Levels and vault maps discovered:
D:1:      psy_arrival_spokes, layout_loops_ring
D:2:      layout_loops_ring, chequers_ecumenical_altar_simple_redux,
          uniq_terence
D:3:      layout_basic, yredelemnul_altar_generic, mainiacjoe_overflow_alcove_4,
          nicolae_overflow_hidden_temple, minmay_bisected, uniq_robin
D:4:      nicolae_cairo_tiling_large, layout_loops_ring, tso_metal_star,
          xom_teletrap_fun, mainiacjoe_overflow_tiny_flanked,
          minmay_temple_entry_gardened_gates, nicolae_elemental_shop
D:5:      layout_cave_pools, grunt_nemelex_the_gamble,
          chequers_decorated_corner, grunt_ministairs_9, uniq_grinder
D:6:      layout_rooms, serial_aquarium, aquarium_bridge_straight
          [aquarium_subvault_bridge, aquarium_subvault_balcony,
          aquarium_subvault_bridge, aquarium_subvault_wall],
          aquarium_bridge_square [aquarium_subvault_bridge,
          aquarium_subvault_wall, aquarium_subvault_window,
          aquarium_subvault_wall], aquarium_window_fake,
          aquarium_window_corridor_1, aquarium_window_fake, aquarium_window_2,
          aquarium_view_2e, aquarium_view_2c, minmay_increasing_density

Skill      XL: |  1  2  3  4 |
---------------+-------------+-----
Fighting       | 4 5 |  5.0
Short Blades   | |  1.5
Dodging        | |  1.5
Stealth        | |  4.1

Action                     |  1- 3 |  4- 6 || total
---------------------------+-------+-------++-------
  Melee: Short sword       |   130 |       ||   130
         Punch             |     1 |       ||     1
         Dagger            |       |    15 ||    15
    Use: Scroll            |     1 |       ||     1
   Stab: Sleeping          |     7 |       ||     7
 Armour: Leather armour    |    29 |     5 ||    34
  Dodge: Dodged            |    71 |    19 ||    90

Table legend: (Time is in decaauts)
 A = Elapsed time spent in this place.
 B = Non-inter-level travel time spent in this place.
 C = Inter-level travel time spent in this place.
 D = Time resting spent in this place.
 E = Time spent auto-exploring this place.
 F = Levels seen in this place.
 G = Mean time per level.
                   A        B        C        D        E       F      G
               +--------+--------+--------+--------+--------+-----+--------+
         Total |    954 |    864 |     90 |     36 |     31 |   6 |  159.0 |
       Dungeon |    954 |    864 |     90 |     36 |     31 |   6 |  159.0 |
               +--------+--------+--------+--------+--------+-----+--------+

Top non-repeatable levels by time:
     D:1: 361 daAuts
     D:2: 299 daAuts
     D:3: 135 daAuts
     D:4: 108 daAuts
     D:5: 30 daAuts
     D:6: 18 daAuts
